 Dungeon Sprint DCSS version 0.31-a0-1074-g0b22e4e0f1 (webtiles) character file.

Game seed: 2228033493066893616

622 rocky1 the Blocker (level 13, -4/163 HPs)
             Began as a Gnoll Fighter on Nov 28, 2023.
             Was an Initiate of Gozag.
             Slain by a demonic crawler (14 damage)
             ... in the Dungeon (Sprint VI: "Thunderdome").
             The game lasted 00:10:39 (1104 turns).

rocky1 the Blocker (Gnoll Fighter)                  Turns: 1104, Time: 00:10:40

Health: -4/163     AC: -2    Str: 20    XL:     13   Next: 99%
Magic:  36/36      EV: 13    Int:  9    God:    Gozag
Gold:   468        SH:  7    Dex: 11    Spells: 33/33 levels left

rFire   . . .        a - +0 flail
rCold   . . .        c - +0 buckler
rNeg    + . .        b - +0 scale mail
rPois   .            (no helmet)
rElec   +            (no cloak)
rCorr   .            (no gloves)
SInv    +            (no boots)
Will    .....        o - amulet of Gaedwul {Regen+ Stlth+} Stlth
                     l - ring of Pbba {Fly rN+ MP+9 Slay+3}
HPRegen 1.27/turn    p - ring of Benevolence {rElec SInv}
MPRegen 0.25/turn

%: no teleportation
@: mighty, berserking, corroded, flying, hasted, very quick
A: fangs 1, strong nose, distributed training
}: 1/15 runes: decaying
a: Renounce Religion, Potion Petition, Call Merchant, Bribe Branch


You were in the Dungeon.
You worshipped Gozag.
Gozag was aware of your devotion.
You visited 1 branch You collected 2890 gold pieces.
You spent 2422 gold pieces at shops.

Inventory:

Hand Weapons
 a - a +0 flail (weapon)
Armour
 b - a +0 scale mail (worn)
 c - a +0 buckler (worn)
Jewellery
 l - the ring of Pbba (left hand) {Fly rN+ MP+9 Slay+3}
   (You found it in the Dungeon)

   [ring of flight]

   Slay+3:    It affects your accuracy & damage with ranged weapons and melee
   (+3).
   rN+:       It protects you from negative energy.
   MP+9:      It affects your magic capacity (+9).
   Fly:       It grants you flight.
 o - the amulet of Gaedwul (around neck) {Regen+ Stlth+}
   (You bought it in a shop in the Dungeon)

   [amulet of regeneration]

   Regen+:    It increases your rate of health regeneration.
   Stlth+:    It makes you more stealthy.
 p - the ring of Benevolence (right hand) {rElec SInv}
   (You bought it in a shop in the Dungeon)

   [ring of see invisible]

   rElec:     It insulates you from electricity.
   SInv:      It lets you see invisible.
 q - the ring of the Ego {Fly Will+}
   (You bought it in a shop in the Dungeon)

   [ring of flight]

   Will+:     It increases your willpower.
   Fly:       It grants you flight.
Scrolls
 j - 4 scrolls of blinking
 n - 3 scrolls of fog
Potions
 d - 5 potions of might
 e - 5 potions of curing
 f - 4 potions of heal wounds
 g - 5 potions of haste
 h - 2 potions of magic
 i - 4 potions of berserk rage


   Skills:
 + Level 12.3 Fighting
 + Level 10.6 Short Blades
 + Level 10.6 Long Blades
 + Level 10.6 Axes
 + Level 11.5 Maces & Flails
 + Level 10.6 Polearms
 + Level 10.6 Staves
 + Level 10.6 Ranged Weapons
 + Level 10.6 Throwing
 + Level 12.3 Armour
 + Level 10.6 Dodging
 + Level 10.6 Stealth
 + Level 12.3 Shields
 + Level 10.6 Unarmed Combat
 + Level 10.6 Spellcasting
 + Level 8.9 Conjurations
 + Level 8.9 Hexes
 + Level 8.9 Summonings
 + Level 8.9 Necromancy
 + Level 8.9 Translocations
 + Level 8.9 Transmutations
 + Level 8.9 Fire Magic
 + Level 8.9 Ice Magic
 + Level 8.9 Air Magic
 + Level 8.9 Earth Magic
 + Level 8.9 Poison Magic
 + Level 11.5 Invocations
 + Level 10.6 Evocations
 + Level 9.7 Shapeshifting


You had 33 spell levels left.
You didn't know any spells.
Your spell library was empty.

Dungeon Overview and Level Annotations

Branches:
Dungeon (1/1)

Altars:
Cheibriados
Dithmenos
Fedhas
Gozag
Kikubaaqudgha
Makhleb
Okawaru
Qazlal
Ru
Sif Muna
Trog
Uskayaw
Vehumet
Wu Jian
Xom
Yredelemnul
Zin
The Shining One
Lugonu

Shops:
D *[=??*?*:[((!!!!


Innate Abilities, Weirdness & Mutations

You have very sharp teeth.
Your uncanny sense of smell can sniff out nearby items.
Your experience applies equally to all skills.


Message History

* * * LOW HITPOINT WARNING * * *
The demonic crawler barely misses you.
You barely miss the demonic crawler.
The demonic crawler is lightly wounded.
You block the demonic crawler's attack. The demonic crawler hits you!!
* * * LOW HITPOINT WARNING * * *
The demonic crawler closely misses you.
You hit the demonic crawler but do no damage.
The demonic crawler is lightly wounded.
You sock the demonic crawler!
The demonic crawler is lightly wounded.
You block the demonic crawler's attack. The demonic crawler hits you!
* * * LOW HITPOINT WARNING * * *
The demonic crawler completely misses you.
You hit the demonic crawler but do no damage.
You bite the demonic crawler.
The demonic crawler is lightly wounded.
You block the demonic crawler's attack. The demonic crawler misses you.
The demonic crawler completely misses you.
You sock the demonic crawler!
The demonic crawler is moderately wounded.
You sock the demonic crawler!
The demonic crawler is moderately wounded.
The entropy weaver casts a spell at you.
The entropic weave corrodes you! The demonic crawler closely misses you.
You block the demonic crawler's attack. The demonic crawler closely misses you.
You hit the demonic crawler but do no damage.
The demonic crawler is moderately wounded.
The demonic crawler hits you.
* * * LOW HITPOINT WARNING * * *
The demonic crawler hits you!
* * * LOW HITPOINT WARNING * * *
You block the demonic crawler's attack.
Unknown command.
Unknown command.
You hit the demonic crawler. Your bite misses the demonic crawler.
The demonic crawler is lightly wounded.
The demonic crawler hits you!
You die...
Your body crumbles into a pile of gold.

#_......._# #_......._#
###.......).### #⌠...........⌠#
######.8....[...)8.######
##∩___......###...)..._.∩##
###∩........8B# #.8........∩###
##...........$s###.............#
#⌠..........###@..###..........⌠
#⌠..........# #.<.# #....[.....⌠
#⌠..........###...###..........⌠
##...........B.###[............#
###∩........8.# #)8........∩###
##∩___......###......__.∩##
######.8.........8.######
#⌠.....[.....⌠# ###.[.......###


You could see an entropy weaver and a demonic crawler.

Vanquished Creatures
  the Lernaean hydra (D)
  A tengu warrior (D)
  2 deep elf pyromancers (D)
  5 deep elf zephyrmancers (D)
  A dream sheep (D)
  2 slime creatures (D)
  2 culicivoras (D)
  A wyvern (D)
  A vampire mosquito (D)
  2 acid dragons (D)
  A water moccasin (D)
  2 jellies (D)
  Jessica (D)
  A hell rat (D)
  2 river rats (D)
  A dart slug (D)
  2 orcs (D)
  4 endoplasms (D)
  A quokka (D)
  A rat (D)
34 creatures vanquished.

Notes
Turn   | Place    | Note
-------+----------+-------------------------------------------
     0 | D        | rocky1 the Gnoll Fighter began the quest for the Orb.
     0 | D        | Reached XP level 1. HP: 23/23 MP: 1/1
     3 | D        | Found a shadowy altar of Dithmenos.
     3 | D        | Found an iron altar of Okawaru.
     4 | D        | Found a stormy altar of Qazlal.
     5 | D        | Round 1.
     6 | D        | Found Yletur's Do-It-Yourself Clinic.
     6 | D        | Found a burning altar of Makhleb.
     6 | D        | Found Hifyumn's Distillery.
     7 | D        | Found Ysusynor's Bottled Wisdom.
     7 | D        | Found Akiroth's Distillery.
    17 | D        | Found a snail-covered altar of Cheibriados.
    17 | D        | Found Esikeuc's Weapon Rack.
    19 | D        | Found a corrupted altar of Lugonu.
    19 | D        | Found a hide-covered altar of Uskayaw.
    19 | D        | Found Odeolai Begh's Premium Goods.
    20 | D        | Found Poawnuxo's Basic Armour.
    20 | D        | Found Hucat's Miscellaneous Merchandise.
    26 | D        | Found a glowing silver altar of Zin.
    27 | D        | Found a bloodstained altar of Trog.
    28 | D        | Found a glowing golden altar of the Shining One.
    30 | D        | Found Volezat's Identification Station.
    32 | D        | Found Beosaepp's Advanced Armour.
    32 | D        | Found Hueroret's Jewellery.
    33 | D        | Found an ancient bone altar of Kikubaaqudgha.
    33 | D        | Found a blossoming altar of Fedhas.
    33 | D        | Found an ornate altar of the Wu Jian Council.
    33 | D        | Found Yzuosm's Timeless Talismans.
    39 | D        | Found a radiant altar of Vehumet.
    40 | D        | Found a sacrificial altar of Ru.
    42 | D        | Found a basalt altar of Yredelemnul.
    44 | D        | Found Acaclami's Magic Scroll Shop.
    46 | D        | Found Tudyl's Magic Scroll Shop.
    46 | D        | Found Qaivva's Must-Have Magic.
    47 | D        | Found a shimmering blue altar of Sif Muna.
    47 | D        | Found an opulent altar of Gozag.
    47 | D        | Found a shimmering altar of Xom.
    47 | D        | Found Fusilar's Staff Store.
    61 | D        | Became a worshipper of Gozag Ym Sagoz the Greedy
    72 | D        | Reached skill level 1 in Invocations
    79 | D        | Reached skill level 1 in Short Blades
    79 | D        | Reached skill level 1 in Long Blades
    79 | D        | Reached skill level 1 in Axes
    79 | D        | Reached skill level 1 in Polearms
    79 | D        | Reached skill level 1 in Staves
    79 | D        | Reached skill level 1 in Ranged Weapons
    79 | D        | Reached skill level 1 in Throwing
    79 | D        | Reached skill level 1 in Dodging
    79 | D        | Reached skill level 1 in Stealth
    79 | D        | Reached skill level 1 in Unarmed Combat
    79 | D        | Reached skill level 1 in Spellcasting
    79 | D        | Reached skill level 1 in Evocations
   105 | D        | Noticed Jessica
   115 | D        | Reached skill level 1 in Shapeshifting
   115 | D        | Reached XP level 2. HP: 20/29 MP: 3/3
   120 | D        | Killed Jessica
   121 | D        | Reached skill level 5 in Maces & Flails
   121 | D        | Reached skill level 1 in Conjurations
   121 | D        | Reached skill level 1 in Hexes
   121 | D        | Reached skill level 1 in Summonings
   121 | D        | Reached skill level 1 in Necromancy
   121 | D        | Reached skill level 1 in Translocations
   121 | D        | Reached skill level 1 in Transmutations
   121 | D        | Reached skill level 1 in Fire Magic
   121 | D        | Reached skill level 1 in Ice Magic
   121 | D        | Reached skill level 1 in Air Magic
   121 | D        | Reached skill level 1 in Earth Magic
   121 | D        | Reached skill level 1 in Poison Magic
   121 | D        | Reached XP level 3. HP: 14/35 MP: 3/6
   143 | D        | Arena points: 14 (+14) [x2]
   168 | D        | Round 2.
   176 | D        | Reached XP level 4. HP: 21/43 MP: 7/7
   309 | D        | Arena points: 56 (+42) [x3]
   332 | D        | Bought a sparkling ruby amulet for 45 gold pieces
   332 | D        | Identified the amulet of Gaedwul {Regen+ Stlth+} (You
                  | bought it in a shop in the Dungeon)
   332 | D        | Bought an ancient marble ring for 45 gold pieces
   332 | D        | Identified the ring of Benevolence {rElec SInv} (You bought
                  | it in a shop in the Dungeon)
   332 | D        | Bought a clouded lead ring for 45 gold pieces
   332 | D        | Identified the ring of the Ego {Fly Will+} (You bought it
                  | in a shop in the Dungeon)
   338 | D        | Round 3.
   344 | D        | Noticed a water moccasin
   362 | D        | Killed a water moccasin
   363 | D        | Reached XP level 5. HP: 35/49 MP: 8/11
   363 | D        | Noticed a wyvern
   381 | D        | Killed a wyvern
   382 | D        | Reached skill level 5 in Invocations
   382 | D        | Reached XP level 6. HP: 15/56 MP: 10/13
   431 | D        | Reached skill level 5 in Short Blades
   431 | D        | Reached skill level 5 in Long Blades
   431 | D        | Reached skill level 5 in Axes
   431 | D        | Reached skill level 5 in Polearms
   431 | D        | Reached skill level 5 in Staves
   431 | D        | Reached skill level 5 in Ranged Weapons
   431 | D        | Reached skill level 5 in Throwing
   431 | D        | Reached skill level 5 in Dodging
   431 | D        | Reached skill level 5 in Stealth
   431 | D        | Reached skill level 5 in Unarmed Combat
   431 | D        | Reached skill level 5 in Spellcasting
   431 | D        | Reached skill level 5 in Evocations
   446 | D        | Bought 4 potions of curing for 84 gold pieces
   446 | D        | Bought 3 potions of heal wounds for 105 gold pieces
   446 | D        | Bought 3 potions of heal wounds for 105 gold pieces
   453 | D        | Noticed a dream sheep
   463 | D        | Killed a dream sheep
   464 | D        | Reached skill level 5 in Shapeshifting
   464 | D        | Reached XP level 7. HP: 63/63 MP: 13/15
   466 | D        | Arena points: 140 (+84) [x4]
   482 | D        | Bought 5 potions of berserk rage for 175 gold pieces
   482 | D        | Bought 6 potions of might for 168 gold pieces
   482 | D        | Bought 3 potions of haste for 210 gold pieces
   488 | D        | Bought a potion of experience for 300 gold pieces
   488 | D        | Reached skill level 5 in Conjurations
   488 | D        | Reached skill level 5 in Hexes
   488 | D        | Reached skill level 5 in Summonings
   488 | D        | Reached skill level 5 in Necromancy
   488 | D        | Reached skill level 5 in Translocations
   488 | D        | Reached skill level 5 in Transmutations
   488 | D        | Reached skill level 5 in Fire Magic
   488 | D        | Reached skill level 5 in Ice Magic
   488 | D        | Reached skill level 5 in Air Magic
   488 | D        | Reached skill level 5 in Earth Magic
   488 | D        | Reached skill level 5 in Poison Magic
   488 | D        | Reached XP level 8. HP: 71/71 MP: 15/17
   530 | D        | Round 4.
   531 | D        | Noticed a deep elf zephyrmancer
   536 | D        | Noticed a deep elf zephyrmancer
   536 | D        | Noticed a deep elf pyromancer
   537 | D        | Noticed a deep elf zephyrmancer
   539 | D        | Noticed a deep elf zephyrmancer
   540 | D        | Noticed a deep elf zephyrmancer
   548 | D        | Killed a deep elf zephyrmancer
   559 | D        | Killed a deep elf zephyrmancer
   560 | D        | Reached XP level 9. HP: 78/78 MP: 19/19
   560 | D        | Noticed a deep elf pyromancer
   578 | D        | Killed a deep elf pyromancer
   579 | D        | Reached skill level 10 in Fighting
   579 | D        | Reached skill level 10 in Armour
   579 | D        | Reached skill level 10 in Shields
   579 | D        | Killed a deep elf zephyrmancer
   590 | D        | Killed a deep elf pyromancer
   599 | D        | Killed a deep elf zephyrmancer
   600 | D        | Reached XP level 10. HP: 18/86 MP: 22/22
   604 | D        | Killed a deep elf zephyrmancer
   604 | D        | Arena points: 300 (+160) [x5]
   621 | D        | Round 5.
   622 | D        | Noticed the 27-headed Lernaean hydra
   647 | D        | Killed the 27-headed Lernaean hydra
   647 | D        | Identified the ring of Pbba {Fly rN+ MP+9 Slay+3} (You
                  | found it in the Dungeon)
   647 | D        | Arena points: 580 (+280) [x7]
   648 | D        | Reached skill level 10 in Maces & Flails
   648 | D        | Reached skill level 10 in Invocations
   651 | D        | Got a decaying rune of Zot
   690 | D        | Bought 3 scrolls of blinking for 225 gold pieces
   706 | D        | Bought 2 potions of experience for 600 gold pieces
   706 | D        | Reached XP level 11. HP: 95/95 MP: 24/24
   707 | D        | Reached skill level 10 in Short Blades
   707 | D        | Reached skill level 10 in Long Blades
   707 | D        | Reached skill level 10 in Axes
   707 | D        | Reached skill level 10 in Polearms
   707 | D        | Reached skill level 10 in Staves
   707 | D        | Reached skill level 10 in Ranged Weapons
   707 | D        | Reached skill level 10 in Throwing
   707 | D        | Reached skill level 10 in Dodging
   707 | D        | Reached skill level 10 in Stealth
   707 | D        | Reached skill level 10 in Unarmed Combat
   707 | D        | Reached skill level 10 in Spellcasting
   707 | D        | Reached skill level 10 in Evocations
   707 | D        | Reached XP level 12. HP: 102/102 MP: 26/26
   708 | D        | Reached XP level 13. HP: 108/108 MP: 27/27
   836 | D        | Round 6.
   860 | D        | HP: 5/108 [slime creature (16)]
   903 | D        | Bought 3 potions of heal wounds for 105 gold pieces
   903 | D        | Bought 3 potions of heal wounds for 105 gold pieces
   903 | D        | Bought 3 potions of heal wounds for 105 gold pieces
  1023 | D        | Arena points: 622 (+42) [x1]
  1038 | D        | Round 7.
  1072 | D        | Noticed an entropy weaver
  1104 | D        | Slain by a demonic crawler

Illustrated notes

Levels and vault maps discovered:
D:        arena_sprint

Skill      XL: |  1  2  3  4  5  6  7  8  9 10 11 12 |
---------------+-------------------------------------+-----
Invocations    | 1 2 4 5 6 7 8 9 10 11 | 11.5
Short Blades   | 1 2 4 5 6 7 8 9 10 | 10.6
Long Blades    | 1 2 4 5 6 7 8 9 10 | 10.6
Axes           | 1 2 4 5 6 7 8 9 10 | 10.6
Polearms       | 1 2 4 5 6 7 8 9 10 | 10.6
Staves         | 1 2 4 5 6 7 8 9 10 | 10.6
Ranged Weapons | 1 2 4 5 6 7 8 9 10 | 10.6
Throwing       | 1 2 4 5 6 7 8 9 10 | 10.6
Dodging        | 1 2 4 5 6 7 8 9 10 | 10.6
Stealth        | 1 2 4 5 6 7 8 9 10 | 10.6
Unarmed Combat | 1 2 4 5 6 7 8 9 10 | 10.6
Spellcasting   | 1 2 4 5 6 7 8 9 10 | 10.6
Evocations     | 1 2 4 5 6 7 8 9 10 | 10.6
Shapeshifting  | 1 2 3 4 5 6 7 9 |  9.7
Maces & Flails | 5 6 7 8 9 10 11 | 11.5
Conjurations   | 1 2 3 4 5 6 7 8 |  8.9
Hexes          | 1 2 3 4 5 6 7 8 |  8.9
Summonings     | 1 2 3 4 5 6 7 8 |  8.9
Necromancy     | 1 2 3 4 5 6 7 8 |  8.9
Translocations | 1 2 3 4 5 6 7 8 |  8.9
Transmutations | 1 2 3 4 5 6 7 8 |  8.9
Fire Magic     | 1 2 3 4 5 6 7 8 |  8.9
Ice Magic      | 1 2 3 4 5 6 7 8 |  8.9
Air Magic      | 1 2 3 4 5 6 7 8 |  8.9
Earth Magic    | 1 2 3 4 5 6 7 8 |  8.9
Poison Magic   | 1 2 3 4 5 6 7 8 |  8.9
Fighting       | 7 8 9 10 11 12 | 12.3
Armour         | 7 8 9 10 11 12 | 12.3
Shields        | 7 8 9 10 11 12 | 12.3

Action                     |  1- 3 |  4- 6 |  7- 9 | 10-12 | 13-15 || total
---------------------------+-------+-------+-------+-------+-------++-------
  Melee: Flail             |    20 |    57 |    39 |     4 |    79 ||   199
         Bite              |     2 |     5 |     5 |       |    12 ||    24
  Throw: Boomerang         |     1 |       |       |       |       ||     1
  Evoke: Wand              |       |     2 |     2 |     6 |       ||    10
    Use: Potion            |       |     1 |     8 |     5 |    12 ||    26
         Scroll            |       |       |       |     2 |     1 ||     3
   Stab: Distracted        |       |     1 |     1 |       |     1 ||     3
 Armour: Scale mail        |    14 |    28 |    46 |     1 |    70 ||   159
  Dodge: Dodged            |     6 |    24 |    13 |       |    44 ||    87
  Block: Buckler           |     4 |    14 |     9 |       |    31 ||    58

Table legend: (Time is in decaauts)
 A = Elapsed time spent in this place.
 B = Non-inter-level travel time spent in this place.
 C = Inter-level travel time spent in this place.
 D = Time resting spent in this place.
 E = Time spent auto-exploring this place.
 F = Levels seen in this place.
 G = Mean time per level.
                   A        B        C        D        E       F      G
               +--------+--------+--------+--------+--------+-----+--------+
         Total |   1087 |   1060 |     27 |    161 |     53 |   1 | 1087.0 |
       Dungeon |   1087 |   1060 |     27 |    161 |     53 |   1 | 1087.0 |
               +--------+--------+--------+--------+--------+-----+--------+

Top non-repeatable levels by time:
       D: 1087 daAuts
